 Dungeon Crawl Stone Soup version 0.17-a0-1636-g3119f2b (webtiles) character file.

269 ithil the Skirmisher (level 6, -1/73 HPs)
             Began as a Human Berserker on Aug 4, 2015.
             Was a Priest of Trog.
             Slain by a gnoll
             ... wielding a +0 halberd
              (13 damage)
             ... on level 4 of the Dungeon on Aug 5, 2015.
             The game lasted 00:30:50 (4541 turns).

ithil the Skirmisher (Human Berserker)              Turns: 4541, Time: 00:30:51

Health: -1/73      AC:  8    Str: 24    XL:     6   Next: 46%
Magic:  6/6        EV:  9    Int:  7    God:    Trog [***...]
Gold:   146        SH:  0    Dex: 13    Spells: 0 memorised, 5 levels left

rFire  . . .     SeeInvis .     a - +0 falchion
rCold  . . .     Clarity  .     y - +0 chain mail
rNeg   . . .     SustAt   .     (no shield)
rPois  .         Gourm    .     (no helmet)
rElec  .         Spirit   .     (no cloak)
rCorr  .         Warding  .     (no gloves)
rMut   .         Stasis   .     (no boots)
MR     .....                    (no amulet)
Stlth  ..........               (no ring)
                                (no ring)

@: berserking, very quick, not resistant to hostile enchantments, extremely
unstealthy
A: no striking features
a: Burn Spellbooks, Berserk, Trog's Hand, Renounce Religion


You were on level 4 of the Dungeon.
You worshipped Trog.
Trog was most pleased with you.
You were not hungry.

You visited 1 branch of the dungeon, and saw 4 of its levels.

You collected 146 gold pieces.

Inventory:

Hand weapons
 a - a +0 falchion (weapon)
 g - a +0 short sword
 i - a +0 short sword
 o - a +0 mace
 q - a +0 flail
 r - a +0 dagger of electrocution
 u - a +0 dagger
 v - a cursed -2 whip
 z - a cursed -1 dagger
 A - a +0 hunting sling
 C - a +0 club
 I - a +0 falchion
Missiles
 d - 131 stones (quivered)
 e - 40 sling bullets
 h - 6 poisoned needles
 j - 37 arrows
Armour
 b - a +0 animal skin
 c - a cursed -2 scale mail
 f - a cursed +0 large shield
 p - a +0 leather armour
 t - a +0 buckler
 x - a +0 robe
 y - a +0 chain mail (worn)
 B - a +0 helmet
 D - a +0 scale mail
 E - a +0 robe
Scrolls
 m - 3 scrolls of teleportation
 n - a scroll of remove curse
 G - a scroll of enchant armour {unknown}
Potions
 k - a potion of magic
 l - a potion of agility
 H - a potion of invisibility {unknown}
Comestibles
 s - a bread ration
 w - a meat ration


   Skills:
 + Level 4.4 Fighting
 + Level 4.0 Long Blades
 + Level 1.1 Throwing
 + Level 2.5 Armour
 + Level 3.7 Dodging
 + Level 1.4 Stealth


You had 5 spell levels left.
You didn't know any spells.

Dungeon Overview and Level Annotations

Branches:
Dungeon (4/15)
 Temple: D:4-7

Altars:
Makhleb


Message History

The gnoll barely misses you. The gnoll closely misses you.
You continue eating.
The gnoll closely misses you.
The gnoll hits you from afar with a spear.
* * * LOW HITPOINT WARNING * * *
You continue eating.
The gnoll hits you but does no damage.
The gnoll hits you from afar with a spear.
* * * LOW HITPOINT WARNING * * *
You finish eating.
That meat ration really hit the spot!
The gnoll closely misses you. x2
Things that are here:
a flail; a ball python corpse Autopickup is now on.
Use which ability? (? or * to list)
A red film seems to cover your vision as you go berserk!
You feel yourself moving faster!
You feel mighty!
You feel somewhat more hungry. The gnoll barely misses you.
You barely miss the gnoll. The gnoll hits you with a halberd!
You die...

#####################..
...............@gg.....
.........#####.#gJ..#..
.........# #.#Z...#
.........# #.#...^#
.........# #.#$..<#
.........## #.#....#
.........<# ..######
########### ###


You could see 3 gnolls, an ooze and a jackal skeleton.

Vanquished Creatures
  A giant frog (D:3)
  A crimson imp (D:3)
  An orc wizard (D:3)
  A gnoll (D:4)
  3 adders
  An ooze (D:1)
  3 worms
  5 giant geckos
  12 orcs (D:3)
  6 giant cockroaches
  12 hobgoblins
  6 jackals
  11 kobolds
  A quokka (D:3)
  3 ball pythons
  10 bats
  3 giant newts
  7 goblins
  2 rats
89 creatures vanquished.

Notes
Turn   | Place    | Note
--------------------------------------------------------------
     0 | D:1      | ithil the Human Berserker began the quest for the Orb.
     0 | D:1      | Reached XP level 1. HP: 18/18 MP: 1/1
   206 | D:1      | Reached XP level 2. HP: 24/24 MP: 2/2
   745 | D:1      | Reached XP level 3. HP: 26/29 MP: 3/3
  2489 | D:1      | Acquired Trog's second power
  2622 | D:2      | Reached XP level 4. HP: 18/36 MP: 4/4
  3920 | D:3      | Noticed a giant frog
  3937 | D:3      | Killed a giant frog
  3937 | D:3      | Reached skill level 4 in Fighting
  3937 | D:3      | Reached skill level 1 in Throwing
  3937 | D:3      | Reached skill level 1 in Stealth
  3937 | D:3      | Reached XP level 5. HP: 22/42 MP: 5/5
  4073 | D:3      | Reached XP level 6. HP: 45/48 MP: 6/6
  4461 | D:3      | Found a burning altar of Makhleb.
  4509 | D:4      | Upgraded the game from 0.17-a0-1635-gd4e48f1 to 0.17-a0-1636-g3119f2b
  4541 | D:4      | Slain by a gnoll

Vault maps used:
D:1:      dpeg_arrival_rooms_c, nrook_mini_backslash
D:2:      minmay_surrounded
D:3:      makhleb_grotto_becter
D:4:      uniq_crazy_yiuf_cottage

Action                   |  1- 3 |  4- 6 || total
-------------------------+-------+-------++-------
Melee: Falchion          |   102 |   243 ||   345
Throw: Stone             |    19 |    13 ||    32
Invok: Berserk           |       |     3 ||     3
  Use: Scroll            |     3 |     5 ||     8
       Potion            |     3 |     2 ||     5
 Stab: Sleeping          |     1 |       ||     1
       Distracted        |     1 |       ||     1
  Eat: Bread ration      |     1 |     1 ||     2
       Chunk             |     1 |     1 ||     2
       Pizza             |       |     1 ||     1
       Meat ration       |       |     1 ||     1
